 Dungeon Crawl Stone Soup version 0.30.1-11-g7821555f0a (webtiles) character file.

Game seed: 10865743947126451282

263 Ijustatesigmund the Conjurer (level 6, 0/44 HPs)
             Began as a Gnoll Conjurer on Nov 7, 2023.
             Killed by miscasting Iskenderun's Mystic Blast (11 damage)
             ... on level 3 of the Dungeon.
             The game lasted 00:06:58 (3735 turns).

Ijustatesigmund the Conjurer (Gnoll Conjurer)       Turns: 3735, Time: 00:06:59

Health: 0/44       AC:  5    Str:  6    XL:     6   Next: 19%
Magic:  2/14       EV: 12    Int: 20    God:
Gold:   1115       SH:  0    Dex: 10    Spells: 10/15 levels left

rFire   . . .        i - +1 short sword (elec)
rCold   . . .        (no shield)
rNeg    . . .        a - +0 leather armour
rPois   .            k - +0 helmet
rElec   .            (no cloak)
rCorr   .            (no gloves)
SInv    .            n - +0 pair of boots
Will    .....        (no amulet)
Stlth   ++           (no ring)
HPRegen 0.27/turn    (no ring)
MPRegen 0.14/turn

%: no passive effects
@: very slightly contaminated
A: fangs 1, strong nose, distributed training
a: no special abilities


You were on level 3 of the Dungeon.
You visited 1 branch of the dungeon, and saw 4 of its levels.

You collected 1115 gold pieces.

Inventory:

Hand Weapons
 i - a +1 short sword of electrocution (weapon)
Armour
 a - a +0 leather armour (worn)
 c - a +0 chain mail
 k - a +0 helmet (worn)
 l - a +0 kite shield
 n - a +0 pair of boots (worn)
Scrolls
 d - 4 scrolls of teleportation
 e - a scroll of enchant weapon
Potions
 b - a potion of magic
 f - a potion of heal wounds {unknown}
 g - 2 potions of curing
 h - 2 potions of lignification
 j - a potion of attraction
 m - a potion of resistance {unknown}
 o - a potion of cancellation {unknown}


   Skills:
 + Level 1.9 Fighting
 + Level 1.9 Short Blades
 + Level 1.9 Long Blades
 + Level 1.9 Axes
 + Level 1.9 Maces & Flails
 + Level 1.9 Polearms
 + Level 1.9 Staves
 + Level 1.9 Ranged Weapons
 + Level 1.9 Throwing
 + Level 1.9 Armour
 + Level 5.0 Dodging
 + Level 4.6 Stealth
 + Level 1.9 Shields
 + Level 1.9 Unarmed Combat
 + Level 5.3 Spellcasting
 + Level 7.3 Conjurations
 + Level 1.5 Hexes
 + Level 1.5 Summonings
 + Level 1.5 Necromancy
 + Level 1.5 Translocations
 + Level 1.5 Transmutations
 + Level 1.5 Fire Magic
 + Level 1.5 Ice Magic
 + Level 1.5 Air Magic
 + Level 1.5 Earth Magic
 + Level 1.5 Poison Magic
 + Level 2.1 Invocations
 + Level 1.9 Evocations


You had 10 spell levels left.
You knew the following spells:

 Your Spells              Type           Power      Damage    Failure   Level
a - Magic Dart            Conj           100%       1d8       1%          1
b - Iskenderun's Mystic   Conj/Tloc      23%        2d6       26%         4

Your spell library contained the following spells:

 Spells                   Type           Power      Damage    Failure   Level
 Searing Ray              Conj           68%        2d6       1%          2
 Beastly Appendage        Tmut           22%        N/A       9%          1
 Slow                     Hex            44%        N/A       9%          1
 Dazzling Flash           Conj/Hex       46%        N/A       9%          3
 Wereblood                Tmut           11%        N/A       14%         2
 Confusing Touch          Hex            11%        N/A       26%         3
 Spider Form              Tmut/Pois      11%        N/A       26%         3
 Vampiric Draining        Necr           11%        2d6       26%         3
 Fulminant Prism          Conj/Hex       11%        3d9       26%         4


Dungeon Overview and Level Annotations

Branches:
Dungeon (4/15)
 Temple: D:4-7

Altars:
Dithmenos
Yredelemnul
Zin
The Shining One


Innate Abilities, Weirdness & Mutations

You have very sharp teeth.
Your uncanny sense of smell can sniff out nearby items.
Your experience applies equally to all skills.


Message History

The magic dart hits the sleepcap.
The sleepcap is moderately damaged.
The sleepcap releases spores at you!
Casting: Magic Dart (safe; 1% risk of failure)
Confirm with . or Enter, or press ? or * to list all spells.
Aiming: Magic Dart (safe; 1% risk of failure)
Press: ? - help, Shift-Dir - straight line, f/p - sleepcap
Aim: a sleepcap (moderately damaged, 100% to hit)
The magic dart hits the sleepcap.
The sleepcap is heavily damaged.
The sleepcap closely misses you.
Casting: Magic Dart (safe; 1% risk of failure)
Confirm with . or Enter, or press ? or * to list all spells.
Aiming: Magic Dart (safe; 1% risk of failure)
Press: ? - help, Shift-Dir - straight line, f/p - sleepcap
Aim: a sleepcap (heavily damaged, 100% to hit)
The magic dart hits the sleepcap.
The sleepcap is heavily damaged.
The sleepcap releases spores at you.
You are engulfed in a cloud of soporific spores!
You fall asleep.
The sleepcap releases spores at you!
You wake up.
* * * LOW HITPOINT WARNING * * *
Casting: Magic Dart (safe; 1% risk of failure)
Confirm with . or Enter, or press ? or * to list all spells.
Aiming: Magic Dart (safe; 1% risk of failure)
Press: ? - help, Shift-Dir - straight line, f/p - sleepcap
Aim: a sleepcap (heavily damaged, 100% to hit)
The magic dart hits the sleepcap.
The sleepcap is heavily damaged.
The sleepcap barely misses you.
Casting: Magic Dart (safe; 1% risk of failure)
Confirm with . or Enter, or press ? or * to list all spells.
The spell is quite dangerous to miscast (26% risk of failure)!
Continue anyway? [Y]es or [N]o only, please.
The spell is quite dangerous to miscast (26% risk of failure)!
Continue anyway?
You miscast Iskenderun's Mystic Blast.
You are very lightly contaminated with residual magic.
Sparks fly from your hands!
You die...

####.....#.....^..#.#
#.# #.
..#.#.####........#(#
### #.
..#...####......>.#.#
##
.#######.....).##(..#
# ## #......####..# #
#......####..##### #
#......##....<...#
#......##........#
#......##@.......#
#....|.##.f....<.#
#......##........#
##################


You could see a sleepcap.

Vanquished Creatures
  Eustachio (D:4)
  A river rat (D:3)
  3 adders (D:3)
  A shadow imp (D:3)
  2 worms (D:3)
  A dart slug (D:3)
  An orc (D:3)
  6 bats
  8 endoplasms
  3 giant cockroaches
  12 goblins
  5 hobgoblins
  4 jackals (D:1)
  6 kobolds
  4 quokkas
  2 ball pythons
  2 frilled lizards
  11 rats
73 creatures vanquished.

Vanquished Creatures (others)
  An endoplasm (D:3)
  A giant cockroach (D:3)
2 creatures vanquished.

Grand Total: 75 creatures vanquished

Notes
Turn   | Place    | Note
-------+----------+-------------------------------------------
     0 | D:1      | Ijustatesigmund the Gnoll Conjurer began the quest for the
                  | Orb.
     0 | D:1      | Reached XP level 1. HP: 13/13 MP: 6/6
   200 | D:1      | Reached XP level 2. HP: 19/19 MP: 5/7
   611 | D:1      | Reached skill level 5 in Spellcasting
   611 | D:1      | Reached XP level 3. HP: 25/25 MP: 5/9
   948 | D:1      | Reached skill level 1 in Invocations
  1699 | D:2      | Reached skill level 1 in Fighting
  1699 | D:2      | Reached skill level 1 in Short Blades
  1699 | D:2      | Reached skill level 1 in Long Blades
  1699 | D:2      | Reached skill level 1 in Axes
  1699 | D:2      | Reached skill level 1 in Maces & Flails
  1699 | D:2      | Reached skill level 1 in Polearms
  1699 | D:2      | Reached skill level 1 in Staves
  1699 | D:2      | Reached skill level 1 in Ranged Weapons
  1699 | D:2      | Reached skill level 1 in Throwing
  1699 | D:2      | Reached skill level 1 in Armour
  1699 | D:2      | Reached skill level 1 in Shields
  1699 | D:2      | Reached skill level 1 in Unarmed Combat
  1699 | D:2      | Reached skill level 1 in Evocations
  1955 | D:3      | Identified a scroll of acquirement
  1955 | D:3      | Acquired 991 gold pieces
  2122 | D:3      | Found a shadowy altar of Dithmenos.
  2122 | D:3      | Found a glowing silver altar of Zin.
  2135 | D:3      | Reached XP level 4. HP: 32/32 MP: 9/11
  2383 | D:3      | Reached skill level 1 in Hexes
  2383 | D:3      | Reached skill level 1 in Summonings
  2383 | D:3      | Reached skill level 1 in Necromancy
  2383 | D:3      | Reached skill level 1 in Translocations
  2383 | D:3      | Reached skill level 1 in Transmutations
  2383 | D:3      | Reached skill level 1 in Fire Magic
  2383 | D:3      | Reached skill level 1 in Ice Magic
  2383 | D:3      | Reached skill level 1 in Air Magic
  2383 | D:3      | Reached skill level 1 in Earth Magic
  2383 | D:3      | Reached skill level 1 in Poison Magic
  2686 | D:3      | Found a basalt altar of Yredelemnul.
  2688 | D:3      | Found a glowing golden altar of the Shining One.
  2691 | D:3      | Noticed an angel
  2844 | D:3      | Reached XP level 5. HP: 34/37 MP: 4/12
  2952 | D:3      | Noticed a profane servitor
  2960 | D:3      | HP: 1/37 [poison (dark miasma)]
  3156 | D:3      | Learned a level 4 spell: Iskenderun's Mystic Blast
  3175 | D:4      | Noticed Eustachio
  3384 | D:4      | Killed Eustachio
  3385 | D:4      | Reached skill level 5 in Dodging
  3385 | D:4      | Reached XP level 6. HP: 27/44 MP: 1/14
  3720 | D:4      | Noticed a black bear
  3735 | D:3      | Killed by miscasting Iskenderun's Mystic Blast

Illustrated notes

Levels and vault maps discovered:
D:1:      dpeg_arrival_subterranean_lakeside_camping, layout_rooms, nrook_uturn,
          minmay_tromino_v4_b
D:2:      layout_loops_corners
D:3:      layout_rooms, grunt_temple_overflow_holy_war,
          chequers_temple_overflow_statue_of_worship, portal_sewer_entry_b,
          kennysheep_generic_room_6
D:4:      layout_layer_cave, uniq_menkaure, uniq_eustachio

Skill      XL: |  1  2  3  4  5 |
---------------+----------------+-----
Spellcasting   | 5 |  5.3
Invocations    | 1 2 |  2.1
Fighting       | 1 |  1.9
Short Blades   | 1 |  1.9
Long Blades    | 1 |  1.9
Axes           | 1 |  1.9
Maces & Flails | 1 |  1.9
Polearms       | 1 |  1.9
Staves         | 1 |  1.9
Ranged Weapons | 1 |  1.9
Throwing       | 1 |  1.9
Armour         | 1 |  1.9
Shields        | 1 |  1.9
Unarmed Combat | 1 |  1.9
Evocations     | 1 |  1.9
Hexes          | 1 |  1.5
Summonings     | 1 |  1.5
Necromancy     | 1 |  1.5
Translocations | 1 |  1.5
Transmutations | 1 |  1.5
Fire Magic     | 1 |  1.5
Ice Magic      | 1 |  1.5
Air Magic      | 1 |  1.5
Earth Magic    | 1 |  1.5
Poison Magic   | 1 |  1.5
Dodging        | 5 |  5.0
Stealth        | |  4.6
Conjurations   | |  7.3

Action                     |  1- 3 |  4- 6 || total
---------------------------+-------+-------++-------
  Melee: Short sword       |     7 |     9 ||    16
         Punch             |     2 |       ||     2
   Cast: Magic Dart        |    81 |    71 ||   152
         Iskenderun's Myst |       |     3 ||     3
    Use: Scroll            |     8 |     3 ||    11
         Potion            |       |     1 ||     1
 Armour: Robe              |     3 |     3 ||     6
  Dodge: Dodged            |     8 |    24 ||    32
